Map: Hecate LE

Players

Subwayeatn

  • Race: Zerg Zerg
  • League: Platinum
  • Spawn Location: 1:00

Muhammad - Winner!

  • Race: Protoss Protoss
  • League: Diamond
  • Spawn Location: 7:00

VOD

Have the link to the VOD?

Description

Time

  • Played on: Oct. 31, 2023, 5:03 p.m.
  • Length: 9:09
Show
View Real Time Build Order
Export as new Build Order

Subwayeatn Zerg 

Build Orders: Pool First 

Get SALT Encoding   

  12  0:17  Spawning Pool  
  11  0:22  Drone  
  11  0:26  Drone  
  13  0:30  Drone  
  14  0:59  Hatchery  
  14  1:04  Zergling x2  
  14  1:11  Overlord  
  14  1:29  Zergling x4, Queen  
  18  1:34  Zergling x2  
  19  1:42  Zergling x2  
  20  2:09  Queen  
  20  2:10  Queen  
  24  2:16  Drone x3  
  24  2:17  Drone  
  28  2:25  Overlord  
  28  2:39  Extractor  
  28  2:43  Drone x4  
  31  2:45  Drone  
  32  2:57  Queen  
  34  3:04  Overlord  
  34  3:17  Drone x2, Extractor  
  34  3:18  Drone  
  36  3:20  Overlord  
  36  3:33  Drone x3  
  38  3:42  Lair  
  38  3:48  Roach Warren  
  38  3:52  Overlord  
  37  4:06  Metabolic Boost  
  37  4:09  Zergling x10  
  40  4:40  Overseer, Spore Crawler  
  40  4:42  Overseer  
  39  4:54  Spawning Pool  
  38  5:04  Drone x7  
  38  5:20  Roach  
  38  5:21  Roach  
  42  5:23  Hatchery  
  42  5:25  Roach  
  43  5:29  Roach  
  43  5:33  Drone  
  43  5:34  Drone  
  47  5:40  Extractor  
  47  5:41  Extractor  
  45  6:00  Drone x2  
  45  6:01  Drone  
  48  6:19  Hatchery  
  47  6:34  Evolution Chamber  
  46  6:40  Spine Crawler  
  46  6:44  Lair  
  45  6:48  Spine Crawler  
  45  6:52  Roach x5  
  54  7:04  Evolution Chamber  
  54  7:06  Queen  
  53  7:35  Zergling x20  
  63  8:04  Roach x3  
  63  8:05  Roach  
  57  8:17  Roach x5  
  49  8:29  Zergling x2  
  49  8:30  Zergling x8  
  46  8:40  Zergling x2  
  40  8:41  Zergling x6  
  38  8:51  Zergling x12  
Show
View Real Time Build Order
Export as new Build Order

Muhammad Protoss - Winner!

Build Orders: Dark Templar Rush 

Get SALT Encoding   

  12  0:00  Probe (Chrono Boost)  
  13  0:10  Probe (Chrono Boost)  
  14  0:15  Probe (Chrono Boost)  
  15  0:24  Pylon  
  15  0:31  Assimilator  
  15  0:46  Probe  
  15  0:47  Gateway  
  16  0:58  Probe (Chrono Boost)  
  16  1:03  Forge  
  17  1:10  Probe (Chrono Boost)  
  18  1:17  Assimilator, Probe (Chrono Boost)  
  19  1:25  Probe  
  20  1:35  Cybernetics Core  
  20  1:37  Probe  
  21  1:45  Pylon  
  21  1:49  Probe  
  22  1:57  Photon Cannon  
  22  2:01  Probe  
  23  2:13  Robotics Facility  
  23  2:17  Twilight Council  
  23  2:19  Warp Gate (Chrono Boost)  
  23  2:33  Gateway  
  23  2:48  Gateway  
  23  2:52  Gateway  
  23  3:02  Dark Shrine  
  23  3:11  Warp Prism (Chrono Boost)  
  25  3:45  Pylon  
  25  3:48  Charge (Chrono Boost)  
  25  4:22  Dark Templar x3  
  29  4:37  Zealot  
  31  4:40  Pylon  
  31  4:44  Gateway  
  31  5:12  Zealot x2  
  31  5:13  Zealot x2  
  33  5:22  Immortal (Chrono Boost)  
  37  5:33  Zealot x3  
  37  5:34  Zealot  
  45  5:37  Pylon  
  45  5:44  Zealot  
  47  5:55  Warp Prism (Chrono Boost)  
  49  6:27  Pylon  
  49  6:28  Immortal (Chrono Boost)  
  53  6:39  Pylon  
  53  7:11  Stalker x2  
  53  7:12  Stalker x3  
  63  7:38  Pylon  
  63  7:39  Stalker x3  
  63  7:43  Stalker  
  45  8:50  Zealot x4  
  45  8:51  Zealot  
Tags
 
Matchup
PvZ
Opening
Pool First
Replay Pack
Multiplayer
Spawn Locations
Cross Positions
Add a new tag
Caveats
  • Supply blocks, unpowered buildings, or Contaminate may cause inaccurate times.
  • Supply counts are checked every 10 seconds.